Map: 이페머론 - 래더

Players

IntoTheZoun (Zoun)

  • Race: Protoss Protoss
  • League: Master
  • Spawn Location: 5:00

Armani - Winner!

  • Race: Zerg Zerg
  • League: Grandmaster
  • Spawn Location: 11:00

VOD

Have the link to the VOD?

Description

Time

  • Played on: Jan. 15, 2020, 6:02 a.m.
  • Length: 5:30
Show
View Real Time Build Order
Export as new Build Order

IntoTheZoun Protoss 

Build Orders: 1 Gate Expand 

Get SALT Encoding   

  12  0:00  Probe  
  13  0:12  Probe  
  14  0:19  Pylon  
  14  0:24  Probe  
  15  0:37  Probe (Chrono Boost)  
  15  0:39  Gateway  
  16  0:47  Probe (Chrono Boost), Assimilator  
  17  0:52  Probe (Chrono Boost)  
  18  1:04  Probe  
  19  1:16  Probe  
  20  1:23  Nexus  
  20  1:32  Cybernetics Core  
  20  1:36  Probe  
  21  1:40  Assimilator  
  21  1:48  Probe  
  21  1:52  Pylon  
  22  2:00  Probe (Chrono Boost)  
  23  2:07  Adept (Chrono Boost)  
  23  2:12  Probe (Chrono Boost)  
  26  2:16  Robotics Facility  
  26  2:20  Warp Gate  
  26  2:21  Probe (Chrono Boost)  
  27  2:28  Probe (Chrono Boost)  
  28  2:31  Stalker  
  28  2:35  Probe (Chrono Boost)  
  33  2:44  Probe x2 (Chrono Boost)  
  34  2:51  Probe  
  34  2:53  Probe  
  35  3:03  Probe  
  35  3:04  Immortal (Chrono Boost)  
  40  3:08  Sentry  
  40  3:09  Probe  
  43  3:14  Pylon  
  43  3:15  Probe  
  44  3:22  Probe  
  44  3:23  Gateway  
  45  3:33  Gateway  
  45  3:35  Gateway  
  45  3:38  Warp Prism (Chrono Boost)  
  47  3:47  Gateway  
  47  3:53  Gateway  
  47  3:57  Gateway  
  47  3:59  Probe  
  47  4:01  Pylon  
  48  4:06  Observer  
  48  4:08  Sentry  
  51  4:13  Pylon  
  51  4:19  Adept  
  53  4:32  Stalker x2  
  53  4:34  Stalker  
  53  4:37  Pylon  
  59  4:52  Zealot x3, Stalker  
  67  4:55  Zealot x2  
  71  5:11  Stalker x2  
  71  5:14  Zealot  
Show
View Real Time Build Order
Export as new Build Order

Armani Zerg - Winner!

Build Orders: Hatch First 

Get SALT Encoding   

  12  0:00  Drone  
  13  0:13  Overlord  
  13  0:17  Drone  
  14  0:31  Drone  
  14  0:32  Drone  
  16  0:48  Hatchery  
  15  0:52  Drone  
  15  0:55  Drone  
  17  0:58  Drone  
  18  1:10  Extractor  
  17  1:15  Spawning Pool  
  17  1:17  Drone  
  17  1:20  Drone  
  18  1:28  Drone  
  19  1:42  Drone  
  20  1:49  Overlord  
  20  2:01  Queen  
  20  2:02  Zergling x4, Queen  
  26  2:11  Metabolic Boost  
  26  2:12  Drone  
  26  2:13  Drone  
  28  2:31  Hatchery  
  28  2:34  Drone  
  28  2:35  Drone  
  28  2:36  Drone  
  30  2:46  Queen  
  30  2:47  Drone  
  33  2:53  Overlord  
  33  2:55  Drone  
  33  2:57  Drone  
  34  2:59  Drone  
  35  3:13  Drone x5  
  35  3:16  Overlord  
  40  3:21  Drone  
  40  3:22  Queen  
  43  3:28  Overlord  
  43  3:31  Drone  
  44  3:38  Drone  
  44  3:41  Drone x2, Roach Warren  
  46  3:43  Drone  
  46  3:47  Drone  
  48  3:49  Drone  
  48  3:51  Drone  
  48  3:54  Drone  
  51  3:57  Extractor  
  51  3:58  Extractor, Drone x2  
  51  3:59  Drone  
  52  4:08  Overlord  
  52  4:09  Drone  
  53  4:10  Zergling x4  
  53  4:11  Zergling x2  
  53  4:16  Overlord  
  56  4:22  Roach x4  
  65  4:31  Roach x4  
  65  4:33  Spine Crawler  
  65  4:36  Zergling x8  
  74  4:39  Overlord  
  74  4:42  Ravager  
  74  4:45  Ravager  
  76  4:46  Zergling x6  
  76  4:49  Overlord  
  79  4:53  Ravager  
  79  4:56  Zergling x4  
  79  4:59  Roach x2  
  86  5:01  Zergling x4  
  86  5:06  Roach  
  90  5:11  Zergling x10  
Tags
 
Add a new tag
Caveats
  • Supply blocks, unpowered buildings, or Contaminate may cause inaccurate times.
  • Supply counts are checked every 10 seconds.